 Dungeon Sprint DCSS version 0.17-a0-1939-ga475588 (webtiles) character file.

2482 KambridgeKobold the Tortoise (level 9, -3/89 HPs)
             Began as a Minotaur Fighter on Sept 29, 2015.
             Was a Believer of Okawaru.
             Slain by a hog (9 damage)
             ... in the Dungeon (Sprint I: "Red Sonja").
             The game lasted 00:05:22 (1800 turns).

KambridgeKobold the Tortoise (Minotaur Fighter)     Turns: 1800, Time: 00:05:23

Health: -3/89      AC: 10    Str: 21    XL:     9   Next: 27%
Magic:  8/8        EV:  7    Int:  6    God:    Okawaru [**....]
Gold:   385        SH:  9    Dex: 12    Spells: 0 memorised, 8 levels left

rFire  . . .     SeeInvis .     a - +0 long sword
rCold  . . .     Clarity  .     b - +0 scale mail
rNeg   . . .     SustAt   .     c - +0 shield
rPois  .         Gourm    .     (helmet restricted)
rElec  .         Spirit   .     (no cloak)
rCorr  .         Warding  .     (no gloves)
rMut   .         NoTele   +     (no boots)
MR     .....                    (no amulet)
Stlth  ..........               (no ring)
                                (no ring)

@: not resistant to hostile enchantments, extremely unstealthy
A: retaliatory headbutt, horns 2
a: Heroism, Renounce Religion


You were in the Dungeon.
You worshipped Okawaru.
Okawaru was pleased with you.
You were not hungry.

You visited 1 branch You collected 499 gold pieces.
You spent 114 gold pieces at shops.

Inventory:

Hand weapons
 a - a +0 long sword (weapon)
Armour
 b - a +0 scale mail (worn)
 c - a +0 shield (worn)
Scrolls
 d - 3 scrolls of identify
 e - a scroll of immolation
 k - 2 scrolls of blinking
Potions
 f - a potion of curing
 i - 2 potions of magic
 j - a potion of berserk rage


   Skills:
 - Level 11.3 Fighting
 + Level 15.6 Long Blades
 + Level 15.7 Armour
 - Level 3.6 Shields


You had 8 spell levels left.
You didn't know any spells.

Dungeon Overview and Level Annotations

Branches:
Dungeon (1/1)

Altars:
Cheibriados
Dithmenos
Elyvilon
Fedhas
Gozag
Kikubaaqudgha
Makhleb
Nemelex Xobeh
Okawaru
Qazlal
Ru
Sif Muna
Trog
Vehumet
Xom
Yredelemnul
Zin
The Shining One
Jiyva

Shops:
D ?


Innate Abilities, Weirdness & Mutations

You reflexively headbutt those who attack you in melee.
You have a pair of horns on your head.


Message History

The lindwurm is almost dead.
The lindwurm breathes flames at you. The blast of flame hits you!
* * * LOW HITPOINT WARNING * * *
You hit the lindwurm but do no damage.
The lindwurm is almost dead.
The lindwurm bites you.
* * * LOW HITPOINT WARNING * * *
You block the lindwurm's attack.
The lindwurm claws you but does no damage.
You hit the lindwurm but do no damage. You headbutt the lindwurm.
You kill the lindwurm!
Okawaru accepts your kill.
Your Long Blades skill increases to level 15!
You now have 385 gold pieces (gained 27).
Unknown command.
As you open the door, it creaks loudly! 10 hogs come into view.
The hog bites you!
You die...

######################
__#..')..#(.#§§§@hhhhh
^.'..#)..##'#$####hh§hh
__####...'..#.# §h ###
#####..§.# #+ #+####
#.. #.§ ###


You could see 3 hogs.

Vanquished Creatures
  A lindwurm (D)
  4 demonic crawlers (D)
  2 kobold demonologists (D)
  A slime creature (D)
  Sigmund (D)
  A yak (D)
  An ogre (D)
  A jelly (D)
  Ijyb (D)
  A giant eyeball (D)
14 creatures vanquished.

Notes
Turn   | Place    | Note
--------------------------------------------------------------
     0 | D        | KambridgeKobold the Minotaur Fighter began the quest for the Orb.
     0 | D        | Reached XP level 1. HP: 19/19 MP: 0/0
     1 | D        | Noticed Ijyb
    16 | D        | Killed Ijyb
    16 | D        | Reached skill level 5 in Fighting
    16 | D        | Reached skill level 5 in Armour
    16 | D        | Reached XP level 2. HP: 23/29 MP: 1/1
    83 | D        | Noticed an ogre
    86 | D        | Killed an ogre
    86 | D        | Reached skill level 7 in Fighting
    86 | D        | Reached XP level 3. HP: 9/39 MP: 2/2
    86 | D        | Reached XP level 4. HP: 10/47 MP: 3/3
   333 | D        | Noticed Sigmund
   343 | D        | Killed Sigmund
   343 | D        | Reached skill level 9 in Fighting
   343 | D        | Reached XP level 5. HP: 25/57 MP: 4/4
   519 | D        | Found a snail-covered altar of Cheibriados.
   519 | D        | Found a viscous altar of Jiyva.
   519 | D        | Found a shadowy altar of Dithmenos.
   519 | D        | Found a blossoming altar of Fedhas.
   519 | D        | Noticed a slime creature
   533 | D        | Killed a slime creature
   533 | D        | Reached skill level 10 in Fighting
   533 | D        | Reached skill level 10 in Long Blades
   533 | D        | Reached skill level 10 in Armour
   533 | D        | Reached XP level 6. HP: 7/67 MP: 5/5
   819 | D        | Found a deep blue altar of Sif Muna.
   820 | D        | Noticed a jelly
   821 | D        | Found a radiant altar of Vehumet.
   825 | D        | Killed a jelly
   850 | D        | Found Roonk's Magic Scroll Emporium.
   850 | D        | Found a white marble altar of Elyvilon.
   850 | D        | Found a stormy altar of Qazlal.
   850 | D        | Found a burning altar of Makhleb.
   850 | D        | Found a sacrificial altar of Ru.
   850 | D        | Found a basalt altar of Yredelemnul.
   850 | D        | Found a glowing golden altar of the Shining One.
   850 | D        | Found a sparkling altar of Nemelex Xobeh.
   850 | D        | Found a shimmering altar of Xom.
   850 | D        | Found an opulent altar of Gozag.
   850 | D        | Found an ancient bone altar of Kikubaaqudgha.
   850 | D        | Found a glowing silver altar of Zin.
   850 | D        | Noticed a yak
   862 | D        | Killed a yak
   862 | D        | Reached skill level 11 in Fighting
   862 | D        | Reached XP level 7. HP: 41/74 MP: 6/6
   863 | D        | Found an iron altar of Okawaru.
   866 | D        | Found a bloodstained altar of Trog.
   871 | D        | Became a worshipper of Warmaster Okawaru
  1022 | D        | Noticed a kobold demonologist
  1023 | D        | Noticed a kobold demonologist
  1023 | D        | Paralysed by a giant eyeball for 3 turns
  1033 | D        | Paralysed by a giant eyeball for 3 turns
  1034 | D        | Noticed a hellwing
  1035 | D        | Noticed a hellwing
  1036 | D        | Noticed a soul eater
  1038 | D        | Noticed a red devil
  1039 | D        | Killed a kobold demonologist
  1039 | D        | Reached skill level 12 in Long Blades
  1046 | D        | Noticed an orange demon
  1048 | D        | Killed a kobold demonologist
  1048 | D        | Reached skill level 13 in Armour
  1048 | D        | Reached XP level 8. HP: 15/82 MP: 7/7
  1048 | D        | Paralysed by a giant eyeball for 4 turns
  1054 | D        | Acquired Okawaru's first power
  1337 | D        | Noticed a demonic crawler
  1337 | D        | Noticed a demonic crawler
  1337 | D        | Noticed a demonic crawler
  1337 | D        | Noticed a demonic crawler
  1350 | D        | Killed a demonic crawler
  1357 | D        | Killed a demonic crawler
  1357 | D        | Reached skill level 14 in Long Blades
  1376 | D        | Killed a demonic crawler
  1383 | D        | Killed a demonic crawler
  1383 | D        | Reached skill level 15 in Armour
  1383 | D        | Reached XP level 9. HP: 8/89 MP: 8/8
  1745 | D        | Bought a scroll of identify for 24 gold pieces
  1745 | D        | Bought a scroll of identify for 24 gold pieces
  1745 | D        | Bought a scroll of identify for 24 gold pieces
  1745 | D        | Bought a scroll of immolation for 42 gold pieces
  1785 | D        | Noticed a lindwurm
  1796 | D        | Killed a lindwurm
  1796 | D        | Reached skill level 15 in Long Blades
  1800 | D        | Noticed a hog
  1800 | D        | Noticed a hog
  1800 | D        | Noticed a hog
  1800 | D        | Noticed a hog
  1800 | D        | Noticed a hog
  1800 | D        | Noticed a hog
  1800 | D        | Noticed a hog
  1800 | D        | Noticed a hog
  1800 | D        | Noticed a hog
  1800 | D        | Noticed a hog
  1800 | D        | Slain by a hog

Vault maps used:
D:        dungeon_sprint_1

Action                   |  1- 3 |  4- 6 |  7- 9 || total
-------------------------+-------+-------+-------++-------
Melee: Long sword        |    16 |    36 |    78 ||   130
  Use: Potion            |     1 |       |     2 ||     3
  Eat: Chunk             |       |       |     1 ||     1
       Bread ration      |       |       |     1 ||     1
